 Dungeon Crawl Stone Soup version 0.24-a0-640-ge7cd8ce (webtiles) character file.

Game seed: 8550782058119173152, levelgen mode: deterministic

472 Firecrotchwizard the Chopper (level 7, -7/61 HPs)
             Began as a Hill Orc Monk on Sept 24, 2019.
             Mangled by an ogre
             ... wielding a +0 giant club
              (14 damage)
             ... on level 4 of the Dungeon.
             The game lasted 00:09:34 (3931 turns).

Firecrotchwizard the Chopper (Hill Orc Monk)        Turns: 3931, Time: 00:09:34

Health: -7/61      AC:  9    Str: 16    XL:     7   Next: 9%
Magic:  7/7        EV: 11    Int: 10    God:
Gold:   233        SH:  0    Dex: 13    Spells: 6/6 levels left

rFire    + . .     SeeInvis .   e - +2 trident (freeze)
rCold    x . .     Gourm    .   (no shield)
rNeg     . . .     Faith    .   t - +0 scale mail
rPois    .         Spirit   .   j - +1 helmet
rElec    .         Reflect  .   (no cloak)
rCorr    .         Harm     .   (no gloves)
MR       .....                  o - +0 pair of boots
Stlth    +.........             n - amulet of regeneration {+regen, !d}
HPRegen  0.60/turn              (no ring)
MPRegen  0.10/turn              g - ring of fire {rF+, rC-}

@: no status effects
A: no striking features
a: no special abilities


You were on level 4 of the Dungeon.
You were not hungry.

You visited 1 branch of the dungeon, and saw 4 of its levels.

You collected 233 gold pieces.

Inventory:

Hand Weapons
 a - a +1 hand axe
 e - a +2 trident of freezing (weapon)
   (You found it on level 3 of the Dungeon)
 p - a +0 war axe
   (You found it on level 2 of the Dungeon)
Armour
 b - a +0 robe
 f - a +0 ring mail
   (You found it on level 1 of the Dungeon)
 j - a +1 helmet (worn)
   (You took it off Robin on level 1 of the Dungeon)
 o - a +0 pair of boots (worn)
   (You found it on level 2 of the Dungeon)
 t - a +0 scale mail (worn)
   (You took it off an orc on level 2 of the Dungeon)
Jewellery
 g - a ring of fire (right hand) {rF+, rC-}
   (You found it on level 1 of the Dungeon)
 n - an amulet of regeneration (around neck) {+regen, !d}
   (You found it on level 2 of the Dungeon)
Wands
 k - a wand of random effects (12)
   (You took it off Robin on level 1 of the Dungeon)
Scrolls
 q - 2 scrolls of teleportation
 s - 2 scrolls of amnesia {unknown}
 u - a scroll of fog
 x - a scroll of magic mapping {!r}
 y - 2 scrolls of immolation {unknown}
 z - a scroll of identify
Potions
 d - a potion of ambrosia {unknown}
 h - a potion of heal wounds {unknown}
 i - 3 potions of curing {unknown}
 l - a potion of magic {unknown}
 m - a potion of haste
 v - a potion of degeneration {unknown}
 w - 2 potions of lignification {unknown}
 A - a potion of resistance {unknown}
 B - a potion of agility {unknown}
Comestibles
 c - 7 rations


   Skills:
 + Level 5.6 Fighting
 * Level 7.6 Axes
 + Level 2.3 Armour
 - Level 3.2 Dodging
 - Level 2.0 Stealth


You had 6 spell levels left.
You didn't know any spells.
Your spell library was empty.

Dungeon Overview and Level Annotations

Branches:
Dungeon (4/15)
 Temple: D:4-7

Altars:
Wu Jian
Yredelemnul

Annotations:
D:2 exclusions: adder and gnoll


Message History

You open the door.
There is an open door here.
You now have 218 gold pieces (gained 5).
Some of the chunks of flesh in your inventory have rotted away.
y - 2 scrolls labeled WIUHYU ARGHA (gained 1)
You open the door.
A quokka comes into view.
There is an open door here.
Attack whom?
Aim: a quokka You reach to attack!
You puncture the quokka! You freeze the quokka.
You kill the quokka!
No target in view!
c - 7 rations (gained 1) Some of the chunks of flesh in your inventory have rotted away.
You now have 228 gold pieces (gained 10).
You open the door.
There is an open door here.
w - 2 orange potions (gained 1)
You open the door.
There is an open door here.
You open the door.
There is an open door here.
There is an open door here.
You open the door.
Eating one of 4 chunks of flesh {@w0}.
You eat one of the 4 chunks of flesh {@w0}.
There is an open door here.
There is a stone staircase leading up here.
A worm comes into view.
You hit the worm. You freeze the worm. You hit the worm. You freeze the worm.
The worm bites you.
You take 1 damage, and have 60/61 hp.
You completely miss the worm. The worm bites you but does no damage.
Health restored: 61 Your scale mail prevents you from hitting the worm.
Your scale mail prevents you from hitting the worm.
The worm bites you but does no damage.
You hit the worm but do no damage. The worm closely misses you.
You barely miss the worm. You completely miss the worm.
The worm bites you but does no damage.
You puncture the worm! You freeze the worm.
The worm bites you but does no damage.
You hit the worm but do no damage. You hit the worm. You freeze the worm.
You kill the worm!
No target in view!
You open the door.
A dart slug comes into view.
The dart slug launches a dart at you. The slug dart hits you.
There is an open door here.
You take 1 damage, and have 60/61 hp.
You see here 5 gold pieces.
Health restored: 61 You puncture the dart slug!
You freeze the dart slug.
You kill the dart slug!
No target in view!
You now have 233 gold pieces (gained 5).
You open the door.
All of the chunks of flesh in your inventory have rotted away.
There is an open door here.
s - 2 scrolls labeled UNITHU NOFU (gained 1)
There is an open door here.
There is an open door here.
There is a stone staircase leading down here.
You open the door.
There is an open door here.
There is an open door here.
There is an open door here.
An ogre comes into view. It is wielding a +0 giant club.
The ogre shouts!
Aim: an ogre, wielding a +0 giant club The puff of flame hits the ogre.
Aim: an ogre, wielding a +0 giant club (moderately wounded)
The ogre seems to speed up.
Aim: an ogre, wielding a +0 giant club (moderately wounded, fast)
The ogre flickers and vanishes!
Deactivating autopickup; reactivate with Ctrl-A.
You don't have any such object.
Something hits you!
You take 10 damage, and have 51/61 hp.
You puncture something! You freeze something. Something hits you!
You take 6 damage, and have 45/61 hp.
You closely miss something. Something hits you! x2
You take 22 damage, and have 23/61 hp.
MASSIVE DAMAGE!!
You closely miss something. Something hits you!
* * * LOW HITPOINT WARNING * * *
You take 7 damage, and have 16/61 hp.
Your scale mail prevents you from hitting something.
Something hits you.
* * * LOW HITPOINT WARNING * * *
You take 4 damage, and have 12/61 hp.
You barely miss something. Something hits you but does no damage.
Something hits you.
* * * LOW HITPOINT WARNING * * *
You take 5 damage, and have 7/61 hp.
You barely miss something. Something hits you!
You die...

.........#..... ###########
#...##+##.####'##
........#.#######...##.##.###....
........#.....#.............#....
........'.....#.............#....
........#.....#.............#....
........#.....#........###'##....
........################.........
................@{...............
.............................###'
.............................#.[.
.............................#...
.............................#...
........#'#######............#...
#'#######.......########.....#...
#................# #.....#...
#................# #.....#...


There were no monsters in sight!

Vanquished Creatures
  An ogre (D:4)
  A scorpion (D:4)
  A howler monkey (D:3)
  A hound (D:4)
  3 orc wizards
  A hound skeleton (D:4)
  Robin (D:1)
  7 adders
  An ooze (D:2)
  3 worms
  3 dart slugs
  2 leopard geckos
  9 orcs
  4 giant cockroaches
  9 goblins
  11 hobgoblins
  4 jackals (D:4)
  2 kobolds
  A quokka (D:4)
  11 bats
  2 frilled lizards
  A quokka skeleton (D:4)
  4 rats
83 creatures vanquished.

Notes
Turn   | Place    | Note
-------+----------+-------------------------------------------
     0 | D:1      | Firecrotchwizard the Hill Orc Monk began the quest for the
                  | Orb.
     0 | D:1      | Reached XP level 1. HP: 19/19 MP: 1/1
   193 | D:1      | Reached XP level 2. HP: 15/27 MP: 2/2
   578 | D:1      | Reached skill level 2 in Stealth
   698 | D:1      | Reached skill level 4 in Fighting
   701 | D:1      | Reached XP level 3. HP: 20/33 MP: 3/3
  1124 | D:2      | Noticed Robin
  1146 | D:1      | Killed Robin
  1318 | D:2      | Reached skill level 5 in Axes
  1337 | D:2      | Reached XP level 4. HP: 27/40 MP: 4/4
  1838 | D:2      | Reached skill level 3 in Dodging
  2316 | D:2      | Reached XP level 5. HP: 40/47 MP: 5/5
  2661 | D:3      | Reached skill level 6 in Axes
  2689 | D:3      | Found a basalt altar of Yredelemnul.
  3037 | D:4      | Noticed a phantom
  3121 | D:4      | Reached skill level 5 in Fighting
  3121 | D:4      | Reached skill level 1 in Armour
  3121 | D:4      | Reached XP level 6. HP: 27/56 MP: 6/6
  3423 | D:4      | Found an ornate altar of the Wu Jian Council.
  3475 | D:4      | Reached skill level 7 in Axes
  3475 | D:4      | Reached skill level 2 in Armour
  3614 | D:4      | Reached XP level 7. HP: 40/61 MP: 7/7
  3929 | D:4      | HP: 12/61 [something (5)]
  3931 | D:4      | Mangled by an ogre

Levels and vault maps discovered:
D:1:      ebering_hopf_link, layout_loops_ring
D:2:      layout_rooms, first_ration, uniq_robin
D:3:      layout_basic, old_standard_altar, minmay_misc_feat_rows
D:4:      layout_gridville, overflow_temple_1_default

Skill      XL: |  1  2  3  4  5  6 |
---------------+-------------------+-----
Stealth        | 2 |  2.0
Fighting       | 4 5 |  5.6
Axes           | 5 6 7 |  7.6
Dodging        | 3 |  3.2
Armour         | 1 2 |  2.3

Action                   |  1- 3 |  4- 6 |  7- 9 || total
-------------------------+-------+-------+-------++-------
Melee: Hand axe          |   100 |    54 |       ||   154
       War axe           |       |    91 |       ||    91
       Trident           |       |    37 |    29 ||    66
Evoke: Wand              |       |     4 |     4 ||     8
  Use: Scroll            |     5 |     5 |       ||    10
 Stab: Sleeping          |     1 |       |       ||     1
       Paralysed         |       |     3 |       ||     3
  Eat: Chunk             |     1 |     8 |     1 ||    10
Armor: Ring mail         |    22 |    28 |       ||    50
       Scale mail        |       |    60 |    15 ||    75
Dodge: Dodged            |    67 |   146 |    13 ||   226

Table legend:
 A = Non-vault XP
 B = Vault XP
 C = Vault XP percentage of total XP
 D = Non-vault monster count
 E = Vault monster count
 F = Vault count percentage of total count
                 A         B        C        D         E       F
            +---------+---------+-------+---------+---------+-------
      Total |     649 |      26 |   3.9 |      76 |       7 |   8.4
            +---------+---------+-------+---------+---------+-------
        D:1 |      34 |      17 |  33.3 |      18 |       2 |  10.0
        D:2 |     120 |       9 |   7.0 |      24 |       5 |  17.2
        D:3 |     126 |       0 |   0.0 |      13 |       0 |   0.0
        D:4 |     369 |       0 |   0.0 |      21 |       0 |   0.0
            +---------+---------+-------+---------+---------+-------

Levels and vault maps discovered:
D:1:      ebering_hopf_link, layout_loops_ring
D:2:      layout_rooms, first_ration, uniq_robin
D:3:      layout_basic, old_standard_altar, minmay_misc_feat_rows
D:4:      layout_gridville, overflow_temple_1_default

Table legend:
 A = Turns spent in this place as a percentage of turns spent in the entire game.
 B = Non-inter-level travel turns spent in this place as a percentage of non-inter-level travel turns spent in the entire game.
 C = Inter-level travel turns spent in this place as a percentage of turns spent in this place.
 D = Turns resting spent in this place as a percentage of non-inter-level travel turns spent in this place.
 E = Turns spent auto-exploring this place as a percentage of non-inter-level travel turns spent in this place.
 F = Non-inter-level travel turns spent in this place divided by the number of levels of this place that you've seen.
                   A       B       C       D       E      F
               +-------+-------+-------+-------+-------+----------------------
         Total | 100.0 | 100.0 |   2.8 |  35.9 |  42.3 | 955.5
       Dungeon | 100.0 | 100.0 |   2.8 |  35.9 |  42.3 | 955.5
               +-------+-------+-------+-------+-------+----------------------

Table legend:
 A = Kills in this place as a percentage of kills in entire the game.
 B = Kills by you in this place as a percentage of kills by you in the entire game.
 C = Kills by friends in this place as a percentage of kills by friends in the entire game.
 D = Other kills in this place as a percentage of other kills in the entire game.
 E = Experience gained in this place as a percentage of experience gained in the entire game.
 F = Experience gained in this place divided by the number of levels of this place that you have seen.
                   A       B       C       D       E      F
               +-------+-------+-------+-------+-------+----------------------
         Total | 100.0 | 100.0 |   N/A |   N/A | 100.0 | 168.8
       Dungeon | 100.0 | 100.0 |   N/A |   N/A | 100.0 | 168.8
               +-------+-------+-------+-------+-------+----------------------
